 Dungeon Crawl Stone Soup version 0.22-a0-469-gf26638a (webtiles) character file.

122309 wazuzu the Bludgeoner (level 16, -7/139 HPs)
             Began as a Hill Orc Warper on June 13, 2018.
             Was the Champion of the Shining One.
             Killed by Shatter
             ... invoked by Jorgrun
              (48 damage)
             ... on level 2 of the Swamp.
             The game lasted 01:38:15 (28844 turns).

wazuzu the Bludgeoner (Hill Orc Warper)            Turns: 28844, Time: 01:38:16

Health: -7/139     AC: 32    Str: 21    XL:     16   Next: 87%
Magic:  25/25      EV:  2    Int: 13    God:    the Shining One [******]
Gold:   874        SH:  0    Dex: 14    Spells: 13/18 levels left

rFire    + . .     SeeInvis .   a - +2 morningstar (crush)
rCold    + . .     Gourm    .   h - +0 shield
rNeg     + + +     Faith    .   P - +2 crystal plate armour {rC+}
rPois    ∞         Spirit   .   w - +0 helmet "Sageargh" {Dex+4}
rElec    .         Reflect  +   o - +1 cloak
rCorr    .         Harm     .   g - +2 pair of gloves {archery}
MR       +....                  z - +0 pair of boots
Stlth    ..........             E - +5 amulet of reflection
HPRegen  0.33/turn              r - ring of poison resistance
MPRegen  0.19/turn              J - ring of protection from fire

@: petrified, glowing
A: no striking features
a: Divine Shield, Cleansing Flame, Summon Divine Warrior, Brand Weapon With Holy
Wrath, Renounce Religion


You were on level 2 of the Swamp.
You worshipped the Shining One.
The Shining One was exalted by your worship.
You were not hungry.

You visited 5 branches of the dungeon, and saw 26 of its levels.
You also visited: Ice Cave.

You collected 2334 gold pieces.
You spent 1460 gold pieces at shops.

Inventory:

Hand Weapons
 a - a +2 morningstar of crushing (weapon)
Missiles
 e - 5 tomahawks of dispersal
 k - 642 stones (quivered)
 t - 7 javelins
 F - 5 throwing nets
 G - 6 steel javelins
 H - 19 tomahawks
 R - 8 tomahawks of returning
Armour
 g - a +2 pair of gloves of archery (worn)
 h - a +0 shield (worn)
 o - a +1 cloak (worn)
 w - the +0 helmet "Sageargh" (worn) {Dex+4}
   (You found it on level 4 of the Dungeon)

   It affects your dexterity (+4).
 z - a +0 pair of boots (worn)
 P - a +2 crystal plate armour of cold resistance (worn)
Jewellery
 r - a ring of poison resistance (left hand)
 s - an uncursed ring of protection from cold
 E - a +5 amulet of reflection (around neck)
 J - a ring of protection from fire (right hand)
Wands
 b - a wand of flame (39)
 q - a wand of polymorph (22)
 N - a wand of paralysis (21)
 O - a wand of digging (10)
 Q - a wand of acid (6)
Scrolls
 d - 3 scrolls of blinking
 i - 5 scrolls of fear
 j - 4 scrolls of remove curse
 m - 7 scrolls of identify
 n - 13 scrolls of teleportation
 v - 3 scrolls of amnesia
 y - a scroll of magic mapping
 D - 11 scrolls of enchant weapon
 K - 3 scrolls of fog
 S - 5 scrolls of enchant armour
 T - 3 scrolls of silence
 U - 2 scrolls of holy word
Potions
 l - a potion of flight
 p - 3 potions of mutation
 u - 5 potions of haste
 A - 3 potions of heal wounds
 B - 3 potions of brilliance
 C - 3 potions of cancellation
 I - 7 potions of curing
 L - a potion of resistance
 M - 2 potions of magic
Miscellaneous
 c - a lightning rod (inert)
Comestibles
 f - 37 rations
 x - 5 chunks of flesh


   Skills:
 - Level 12.0 Fighting
 - Level 16.0 Maces & Flails
 + Level 10.4 Throwing
 - Level 12.0 Armour
 - Level 6.0 Dodging
 - Level 15.0 Shields
 - Level 1.5 Spellcasting
   Level 2.4 Translocations
 - Level 12.3 Invocations


You had 13 spell levels left.
You knew the following spells:

 Your Spells              Type           Power        Failure   Level  Hunger
a - Aura of Abjuration    Summ           #.........   100%        5    ######.

Your spell library contained the following spells:

 Spells                   Type           Power        Failure   Level  Hunger
 Magic Dart               Conj           #...         100%        1    ##.....
 Conjure Flame            Conj/Fire      #.......     100%        3    ####...
 Bolt of Fire             Conj/Fire      #.........   100%        6    #######
 Lightning Bolt           Conj/Air       #.........   100%        5    ######.
 Slow                     Hex            #.......     100%        2    ###....
 Throw Flame              Conj/Fire      #.....       100%        2    ###....
 Mephitic Cloud           Conj/Pois/Air  #.......     100%        3    ####...
 Teleport Other           Tloc           #.......     100%        3    ####...
 Summon Small Mammal      Summ           #...         100%        1    ##.....
 Blink                    Tloc           N/A          100%        2    ###....
 Summon Ice Beast         Ice/Summ       #.......     100%        4    #####..
 Call Imp                 Summ           #.......     100%        2    ###....
 Summon Demon             Summ           #.........   100%        5    ######.
 Stone Arrow              Conj/Erth      #.....       100%        3    ####...
 Recall                   Summ/Tloc      N/A          100%        3    ####...
 Spider Form              Tmut/Pois      #.........   100%        3    ####...
 Blade Hands              Tmut           #.........   100%        5    ######.
 Statue Form              Tmut/Erth      #........    100%        6    #######
 Ice Form                 Ice/Tmut       #.......     100%        4    #####..
 Deflect Missiles         Chrm/Air       #.........   100%        6    #######
 Shadow Creatures         Summ           N/A          100%        6    #######
 Passwall                 Tmut/Erth      #.......     100%        2    ###....
 Ignite Poison            Fire/Tmut/Pois #.......     100%        3    ####...
 Sticks to Snakes         Tmut           #.......     100%        2    ###....
 Call Canine Familiar     Summ           #.......     100%        3    ####...
 Ensorcelled Hibernation  Hex/Ice        #.....       100%        2    ###....
 Silence                  Hex/Air        #.........   100%        5    ######.
 Shatter                  Erth           #.........   100%        9    #######
 Static Discharge         Conj/Air       #.......     100%        3    ####...
 Conjure Ball Lightning   Conj/Air       #.........   100%        6    #######
 Petrify                  Tmut/Erth      #.......     100%        4    #####..
 Passage of Golubria      Tloc           N/A          100%        4    #####..
 Tornado                  Air            #.........   100%        9    #######
 Leda's Liquefaction      Hex/Erth       #.........   100%        4    #####..
 Darkness                 Hex            #.........   100%        6    #######
 Shroud of Golubria       Chrm/Tloc      #.........   100%        2    ###....
 Beastly Appendage        Tmut           #.....       100%        1    ##.....
 Summon Forest            Summ/Tloc      #.........   100%        5    ######.
 Summon Lightning Spire   Summ/Air       #.......     100%        4    #####..
 Summon Guardian Golem    Hex/Summ       #.......     100%        3    ####...
 Summon Mana Viper        Hex/Summ       #.......     100%        5    ######.
 Gell's Gravitas          Tloc           #.........   100%        3    ####...
 Lesser Beckoning         Tloc           #.........   100%        3    ####...
 Ignition                 Fire           #.........   100%        8    #######
 Borgnjor's Vile Clutch   Necr/Erth      #.........   100%        5    ######.


Dungeon Overview and Level Annotations

Branches:
Dungeon (15/15)            Temple (1/1) D:6            Lair (6/6) D:10
  Swamp (2/4) Lair:2       Spider (0/4) Lair:2        Slime (0/5) Lair:5
    Orc (2/2) D:11            Elf (0/3) Orc:2        Vaults (0/5) D:13
 Depths (0/5) D:15

Altars:
Ashenzari
Cheibriados
Dithmenos
Elyvilon
Fedhas
Gozag
Hepliaklqana
Kikubaaqudgha
Makhleb
Okawaru
Qazlal
Ru
Trog
Uskayaw
Wu Jian
Xom
Zin
The Shining One

Shops:
D:6 =   D:7 *}*[[   D:14 *   Orc:2 [}[

Annotations:
Swamp:2 Jorgrun


Message History

Jorgrun casts a spell.
The dungeon rumbles around Jorgrun!
You shudder from the earth-shattering force.
Ka-crash!
The spiny frog stings you.
You have turned to stone.
Jorgrun hits you but does no damage.
The spiny frog stings you but does no damage.
The spiny frog stings you! Jorgrun casts a spell at you.
The spiny frog stings you but does no damage.
Jorgrun mumbles some strange words.
The dungeon rumbles around Jorgrun!
The spiny frog dies!
You shudder from the earth-shattering force.
* * * LOW HITPOINT WARNING * * *
Ka-crash!
Jorgrun mumbles some strange words.
The dungeon rumbles around Jorgrun!
You shudder from the earth-shattering force.
You die...

♣..≈≈≈≈≈≈♣♣♣....≈≈≈♣♣≈.≈
♣♣..≈≈.≈..♣♣..≈.♣..♣♣♣≈.♣
♣≈≈....≈≈≈.♣♣≈.♣♣♣♣.≈♣♣♣≈
♣♣♣.≈≈..≈≈≈♣♣♣♣♣ ♣.≈≈≈≈..
♣♣≈......♣ ♣♣.≈≈≈≈≈
♣♣≈≈..≈♣♣ ♣♣..≈≈≈ ♣≈≈≈.≈♣
♣♣≈.≈. ♣≈..♣♣≈♣ ♣♣♣.♣
♣≈@≈.♣ ♣♣♣ ♣≈g≈§≈≈.≈.
≈.♣.≈§....≈ ≈≈.♣≈.≈≈≈≈≈≈.
≈≈≈≈. ..≈≈≈≈≈≈≈ ≈≈..
.≈≈≈≈≈≈≈≈≈ ..l ≈..§≈§≈≈≈≈
≈♣≈ ≈≈≈...≈≈≈..


You could see Jorgrun and a komodo dragon (wandering).

Vanquished Creatures
  Kirke (D:12)
  3 thorn hunters
  Roxanne (Swamp:1)
  An orc warlord (Orc:2)
  Aizul (Lair:2)
  A reaper (IceCv)
  Nessos (Orc:2)
  6 dire elephants (Lair:6)
  An ettin (Orc:1)
  3 fire dragons
  Josephine (D:15)
  Fannar (Lair:1)
  2 vault guards (D:13)
  11 hydras
  A ghost crab (Lair:2)
  Erolcha (Orc:2)
  Harold (Lair:1)
  An ice dragon (D:15)
  6 two-headed ogres
  3 centaur warriors
  An anaconda (Lair:6)
  7 alligators
  A death knight (D:13)
  Erica (Orc:1)
  An anaconda (shapeshifter) (D:15)
  3 death yaks (Lair:4)
  3 orc high priests (Orc:2)
  4 skeletal warriors
  2 unseen horrors
  A shambling mangrove (Swamp:2)
  A wizard (D:13)
  A lindwurm (Lair:6)
  7 orc knights
  2 deep elf magi
  A manticore (D:11)
  4 orc sorcerers
  10 ugly things
  9 elephants
  2 cyclopes (D:12)
  Maurice (Orc:1)
  2 ice statues (IceCv)
  3 black mambas
  13 spiny frogs
  2 gargoyles
  A torpor snail (Lair:6)
  A kobold demonologist (D:15)
  14 rime drakes
  6 ice devils (IceCv)
  8 komodo dragons
  An efreet (D:13)
  A tengu conjurer (D:14)
  2 trolls
  15 slime creatures
  3 polar bears (D:11)
  7 blink frogs
  5 tyrant leeches
  A hornet (Swamp:2)
  2 bog bodies
  10 hippogriffs
  13 dream sheep (Lair:6)
  A centaur simulacrum (D:11)
  Sigmund (D:3)
  A shadow (D:11)
  3 wyverns
  3 wraiths (D:15)
  53 yaks
  Eustachio (D:6)
  A hog (D:12)
  4 basilisks
  2 humans
  13 vampire mosquitoes
  A hungry ghost (D:9)
  7 steam dragons
  2 soldier ants
  4 insubstantial wisps (Swamp:1)
  13 water moccasins
  10 swamp worms
  A black bear (D:7)
  5 porcupines
  3 swamp drakes (Swamp:2)
  27 orc warriors
  4 ice beasts
  Purgy (D:3)
  A necrophage (D:6)
  4 sky beasts
  13 ogres
  6 phantoms
  13 wolves
  9 centaurs
  9 crocodiles
  2 big kobolds
  19 bullfrogs
  A wyvern zombie (D:12)
  A wyvern skeleton (D:4)
  6 scorpions
  16 wights
  5 killer bees (D:9)
  3 vampire bats (D:2)
  An electric eel (Lair:2)
  6 howler monkeys
  4 crimson imps
  2 bullfrog zombies
  A quasit (D:6)
  3 bullfrog skeletons
  5 hounds
  5 jellies
  Crazy Yiuf (D:3)
  6 centaur skeletons
  12 orc priests
  A gnoll shaman (D:8)
  20 orc wizards
  3 iguanas
  Natasha (thrice) (D:3)
  11 worker ants
  2 hound zombies
  A worker ant zombie (D:11)
  8 gnolls
  A howler monkey skeleton (D:7)
  7 adders
  7 shadow imps
  8 white imps
  8 ufetubi
  An ooze (D:3)
  3 adder skeletons
  4 worms
  2 dart slugs
  6 leopard geckos
  58 orcs
  3 ball pythons
  A bat (D:2)
  2 bat skeletons (D:2)
  4 bat zombies (D:2)
  5 giant cockroaches
  6 goblins
  5 hobgoblins
  3 jackals (D:3)
  9 kobolds
  6 quokkas
  3 frilled lizards
  3 quokka zombies
  3 rats
  A briar patch (Swamp:2)
  7 plants (Lair:6)
749 creatures vanquished.

Vanquished Creatures (collateral kills)
  An orc knight (Orc:1)
1 creature vanquished.

Vanquished Creatures (others)
  A swamp dragon (Swamp:1)
  A spiny frog (Swamp:2)
  A dream sheep (Lair:6)
  A steam dragon (Lair:6)
  2 orc warriors (D:13)
  5 centaurs
  4 white imps (IceCv)
  4 ufetubi (IceCv)
  A kobold (D:12)
  3 briar patches (Swamp:2)
  3 bushes (Lair:6)
  10 fungi (Lair:6)
  9 plants
45 creatures vanquished.

Grand Total: 795 creatures vanquished

Notes
Turn   | Place    | Note
-------+----------+-------------------------------------------
     0 | D:1      | wazuzu the Hill Orc Warper began the quest for the Orb.
     0 | D:1      | Reached XP level 1. HP: 18/18 MP: 3/3
     6 | D:1      | Noticed an iguana
     6 | D:1      | Noticed a polar bear
     6 | D:1      | Noticed a swamp drake
     6 | D:1      | Noticed a salamander
     6 | D:1      | Noticed a wolf
   181 | D:1      | Reached XP level 2. HP: 25/25 MP: 4/4
   199 | D:1      | Reached skill level 3 in Maces & Flails
   636 | D:2      | Found a shimmering altar of Xom.
   636 | D:2      | Noticed an angel
   640 | D:2      | Found a glowing silver altar of Zin.
   654 | D:2      | Reached skill level 1 in Shields
   654 | D:2      | Reached XP level 3. HP: 25/30 MP: 5/5
   689 | D:2      | Found a shattered altar of Ashenzari.
   797 | D:2      | Found an ancient bone altar of Kikubaaqudgha.
   823 | D:2      | Reached XP level 4. HP: 34/37 MP: 6/6
   830 | D:2      | Reached skill level 4 in Maces & Flails
   830 | D:2      | Reached XP level 5. HP: 36/42 MP: 7/7
  1145 | D:3      | Noticed Sigmund
  1145 | D:3      | Noticed Purgy
  1167 | D:3      | Killed Purgy
  1167 | D:3      | Reached skill level 5 in Maces & Flails
  1167 | D:3      | Reached XP level 6. HP: 50/50 MP: 8/8
  1215 | D:3      | Killed Sigmund
  1215 | D:3      | Reached skill level 6 in Maces & Flails
  1352 | D:3      | Found a faded altar of an unknown god.
  1398 | D:3      | Found a stormy altar of Qazlal.
  1457 | D:3      | Reached XP level 7. HP: 56/56 MP: 9/9
  1593 | D:3      | Noticed Natasha
  1604 | D:3      | Killed Natasha
  1604 | D:3      | Reached skill level 7 in Maces & Flails
  1744 | D:3      | Noticed Natasha
  1755 | D:3      | Killed Natasha
  1827 | D:3      | Noticed Natasha
  1836 | D:3      | Killed Natasha
  1949 | D:3      | Found a runed door.
  2093 | D:3      | Noticed Crazy Yiuf
  2103 | D:3      | Killed Crazy Yiuf
  2315 | D:4      | Reached skill level 8 in Maces & Flails
  2836 | D:4      | Got a twisted helmet
  2842 | D:4      | Identified the +0 helmet "Sageargh" {Dex+4} (You found it on level 4 of the Dungeon)
  2857 | D:4      | Reached XP level 8. HP: 29/62 MP: 10/10
  3221 | D:5      | Entered Level 5 of the Dungeon
  3261 | D:5      | Reached skill level 9 in Maces & Flails
  3513 | D:5      | Reached skill level 10 in Maces & Flails
  3883 | D:6      | Found a staircase to the Ecumenical Temple.
  3892 | Temple   | Entered the Ecumenical Temple
  4005 | Temple   | Became a worshipper of the Shining One
  4306 | D:6      | Reached skill level 11 in Maces & Flails
  4502 | D:6      | Reached XP level 9. HP: 67/68 MP: 11/11
  4537 | D:6      | Reached * piety under the Shining One
  4570 | D:6      | Found Gucw's Jewellery Shop.
  4573 | D:6      | Bought a cursed -3 ring of evasion for 30 gold pieces
  4772 | D:6      | Noticed Eustachio
  4788 | D:6      | Killed Eustachio
  4817 | D:7      | Found Fofira's Assorted Antiques.
  4837 | D:7      | Bought a pink potion for 24 gold pieces
  4837 | D:7      | Bought 2 silvery potions for 48 gold pieces
  4837 | D:7      | Bought 3 scrolls labeled HADUCEOPUZ for 81 gold pieces
  4843 | D:7      | Found Haaj's Gadget Shop.
  4854 | D:7      | Found Guset's Armour Shoppe.
  4859 | D:7      | Reached skill level 12 in Maces & Flails
  5049 | D:7      | Found Caergh's Armour Emporium.
  5549 | D:7      | Found a shadowy altar of Dithmenos.
  5627 | D:7      | Found Uphiul's General Store.
  5651 | D:7      | Found an ornate altar of the Wu Jian Council.
  5751 | D:8      | Noticed a two-headed ogre
  5766 | D:8      | Killed a two-headed ogre
  5766 | D:8      | Reached skill level 13 in Maces & Flails
  5845 | D:8      | Found a white marble altar of Elyvilon.
  5853 | D:8      | Reached XP level 10. HP: 64/74 MP: 12/12
  6094 | D:8      | Noticed a two-headed ogre
  6110 | D:8      | Killed a two-headed ogre
  6110 | D:8      | Reached skill level 14 in Maces & Flails
  6528 | D:9      | Reached ** piety under the Shining One
  6528 | D:9      | Reached skill level 5 in Fighting
  6776 | D:9      | Noticed a two-headed ogre
  6791 | D:9      | Killed a two-headed ogre
  6850 | D:9      | Found a hazy altar of Hepliaklqana.
  6898 | D:9      | Reached skill level 1 in Invocations
  6923 | D:9      | Noticed a two-headed ogre
  6930 | D:9      | Reached XP level 11. HP: 91/95 MP: 13/13
  6934 | D:9      | Killed a two-headed ogre
  7325 | D:9      | Found a burning altar of Makhleb.
  7462 | D:10     | Entered Level 10 of the Dungeon
  7462 | D:10     | Reached *** piety under the Shining One
  7520 | D:10     | Reached skill level 10 in Fighting
  7675 | D:10     | Found a staircase to the Lair.
  8157 | D:10     | Noticed an unseen horror
  8161 | D:10     | Killed an unseen horror
  8161 | D:10     | Reached skill level 5 in Invocations
  8475 | Lair:1   | Entered Level 1 of the Lair of Beasts
  8544 | Lair:1   | Noticed Fannar
  8554 | Lair:1   | Killed Fannar
  8618 | Lair:1   | Noticed Harold
  8653 | Lair:1   | Killed Harold
  8800 | Lair:1   | Noticed an eight-headed hydra
  8834 | Lair:1   | Killed an eight-headed hydra
  9097 | Lair:1   | Noticed Sonja
  9100 | Lair:1   | Noticed Sonja
  9100 | Lair:1   | Sonja changed into Sonja the ice beast
  9103 | Lair:1   | Killed Sonja the ice beast
  9362 | Lair:1   | Noticed an eight-headed hydra
  9371 | Lair:1   | Killed an eight-headed hydra
  9371 | Lair:1   | Reached XP level 12. HP: 79/112 MP: 17/19
  9897 | Lair:2   | Found a hole to the Spider Nest.
 10137 | Lair:2   | Found a staircase to the Swamp.
 10150 | Lair:2   | Reached skill level 10 in Invocations
 10341 | Lair:2   | Identified a scroll of acquirement
 10342 | Lair:2   | Got a bloodstained great mace
 10348 | Lair:2   | Identified the +2 great mace of Earthquakes {crush, rC- MR+ Dex+6} (You acquired it on level 2 of the Lair of Beasts)
 11039 | Lair:3   | Reached skill level 5 in Dodging
 11391 | Lair:4   | Noticed a six-headed hydra
 11405 | Lair:4   | Killed a six-headed hydra
 11691 | Lair:4   | Noticed a seven-headed hydra
 11703 | Lair:4   | Killed a seven-headed hydra
 11877 | Lair:4   | Reached skill level 5 in Armour
 11877 | Lair:4   | Reached XP level 13. HP: 73/118 MP: 18/22
 11982 | Lair:4   | Reached skill level 5 in Shields
 12261 | Lair:5   | Found a staircase to the Slime Pits.
 13131 | Lair:6   | Entered Level 6 of the Lair of Beasts
 14003 | D:6      | Bought a cursed +5 amulet of reflection for 573 gold pieces
 14393 | Lair:6   | Reached skill level 10 in Shields
 14566 | Lair:6   | Reached XP level 14. HP: 82/126 MP: 23/23
 15755 | Lair:6   | Noticed a dire elephant
 15755 | Lair:6   | Noticed a dire elephant
 15768 | Lair:6   | Killed a dire elephant
 15772 | Lair:6   | Killed a dire elephant
 15837 | Lair:6   | Identified the Disquisition on the Flamy Rocks
 15912 | Lair:6   | Noticed a dire elephant
 15928 | Lair:6   | Killed a dire elephant
 16010 | Lair:6   | Noticed a dire elephant
 16024 | Lair:6   | Killed a dire elephant
 16042 | Lair:6   | Noticed a dire elephant
 16076 | Lair:6   | Killed a dire elephant
 16182 | Lair:6   | Noticed a dire elephant
 16195 | Lair:6   | Killed a dire elephant
 16832 | D:11     | Found a frozen archway.
 16851 | IceCv    | Entered an ice cave
 17118 | IceCv    | Reached **** piety under the Shining One
 17368 | IceCv    | Noticed a reaper
 17375 | IceCv    | Killed a reaper
 17390 | IceCv    | Got a translucent flail
 17411 | IceCv    | Identified the cursed +2 flail of Faapap {protect, +Blink} (You found it in an ice cave)
 17611 | D:11     | Found a staircase to the Orcish Mines.
 17894 | D:11     | Reached ***** piety under the Shining One
 17993 | D:11     | Got a pitted brass amulet
 17994 | D:11     | Identified the amulet of the Circus Animal {Faith Str+3} (You found it on level 11 of the Dungeon)
 18421 | Orc:1    | Entered Level 1 of the Orcish Mines
 18421 | Orc:1    | Noticed Maurice
 18457 | Orc:1    | Killed Maurice
 18790 | Orc:2    | Entered Level 2 of the Orcish Mines
 18791 | Orc:2    | Noticed Nessos
 18814 | Orc:2    | Killed Nessos
 19122 | Orc:2    | Noticed an orc warlord
 19226 | Orc:2    | Killed an orc warlord
 19226 | Orc:2    | Reached XP level 15. HP: 86/132 MP: 24/24
 19270 | Orc:2    | Found a staircase to the Elven Halls.
 19284 | Orc:2    | Noticed Erolcha
 19300 | Orc:2    | Killed Erolcha
 19402 | Orc:2    | Reached skill level 15 in Shields
 19632 | Orc:2    | Reached skill level 10 in Armour
 20388 | Orc:2    | Found Ismeol's Antique Armour Shop.
 20388 | Orc:2    | Found Eqiuci's Armour Shoppe.
 20403 | Orc:2    | Found Meagazeu's Gadget Shop.
 20403 | Orc:2    | Found Quthry's Antique Armour Shoppe.
 20532 | Orc:2    | Bought a pair of glowing gloves for 202 gold pieces
 20542 | Orc:2    | Bought a pair of glowing gloves for 202 gold pieces
 20820 | Orc:1    | Noticed Erica
 20842 | Orc:1    | Killed Erica
 21228 | D:12     | Reached skill level 1 in Throwing
 21986 | D:12     | Noticed Kirke
 22005 | D:12     | Killed Kirke
 22309 | D:13     | Learned a level 5 spell: Aura of Abjuration
 22854 | D:13     | Reached skill level 5 in Throwing
 23188 | D:13     | Found a gate to the Vaults.
 23875 | D:14     | Reached XP level 16. HP: 116/139 MP: 25/25
 23998 | D:14     | Found Obid's General Store.
 24374 | D:15     | Entered Level 15 of the Dungeon
 24527 | D:15     | Reached ****** piety under the Shining One
 24631 | D:15     | Noticed Josephine
 24936 | D:15     | Killed Josephine
 25407 | D:15     | Reached skill level 15 in Maces & Flails
 25421 | D:15     | Found a staircase to the Depths.
 25816 | D:6      | Bought an uncursed ring of poison resistance for 300 gold pieces
 26045 | Swamp:1  | Entered Level 1 of the Swamp
 26045 | Swamp:1  | Noticed Aizul
 26069 | Lair:2   | Killed Aizul
 26602 | Swamp:1  | Noticed Roxanne
 26621 | Swamp:1  | Killed Roxanne
 26622 | Swamp:1  | Identified Roxanne's Catalogue of the Mountains (You took it off Roxanne on level 1 of the Swamp)
 27393 | Swamp:1  | Noticed a thorn hunter
 27437 | Swamp:1  | Killed a thorn hunter
 27724 | Swamp:2  | Reached skill level 16 in Maces & Flails
 27727 | Swamp:2  | Noticed a thorn hunter
 27751 | Swamp:2  | Killed a thorn hunter
 27801 | Swamp:2  | Noticed a thorn hunter
 28398 | Swamp:2  | Killed a thorn hunter
 28398 | Swamp:2  | Reached skill level 10 in Throwing
 28814 | Swamp:2  | Noticed Jorgrun
 28844 | Swamp:2  | Killed from afar by Jorgrun

Vault maps used:
D:1:      onia_arrival_zoo_common
D:2:      grunt_temple_overflow_order_and_chaos_1, old_standard_altar,
          kennysheep_vampire_church, first_ration
D:3:      lemuel_crystal_altar, chequers_ecumenical_altar_simple_redux,
          uniq_sigmund, uniq_purgy, uniq_crazy_yiuf_cottage, uniq_natasha
D:4:      minmay_opposing_rooms
D:6:      minmay_temple_entry_mist, serial_shops, kennysheep_mini,
          uniq_eustachio
D:7:      grunt_dithmenos_smoke, kennysheep_mini_moat, serial_shops,
          nicolae_shop_stone, nicolae_shop_behind_doors, shop,
          nicolae_shop_overgrown_old_shop, shop
D:8:      elyvilon_altar_1, kennysheep_generic_room_13
D:9:      nicolae_overflow_hidden_temple, bloody_makhleb
D:10:     david_lair_shrubbed
D:11:     david_orc_4, serial_ice, serial_ice_a, serial_ice_f, serial_ice_i,
          serial_ice_n, portal_ice_cave_rime
D:12:     grunt_pizzeria, uniq_kirke
D:13:     grunt_vaults_entry_fortified, hangedman_abyss_or_decor_stabs
D:14:     hangedman_decor_lopped, serial_shops, nicolae_shop_statue_plus
D:15:     grunt_enter_depths_hoard, hangedman_abyss_or_decor_passed,
          uniq_josephine
Temple:   nicolae_temple_figure_eight
Lair:1:   uniq_harold, uniq_sonja, uniq_fannar
Lair:2:   swamp_mist_pool, nicolae_spider_entry_non_spiders, lemuel_fruit_tree
Lair:4:   st_stairs_8, grunt_megastairs_4
Lair:5:   minmay_slime_entry_pillars
Lair:6:   due_jungle_book, bobbens_dragon_lair_wall
Swamp:1:  nicolae_swamp_orc_logging_accident, uniq_aizul, uniq_roxanne
Swamp:2:  infiniplex_staircase_pool, uniq_jorgrun
Orc:1:    nicolae_volcano_entry_lava_flow, nicolae_orc_pool_cavern,
          uniq_maurice, uniq_erica
Orc:2:    grunt_orc_tribal_feast, lab_entry_generic, uniq_erolcha, uniq_nessos
IceCv:    ice_cave_small_demon

Skill      XL: |  1  2  3  4  5  6  7  8  9 10 11 12 13 14 15 16 |
---------------+-------------------------------------------------+-----
Maces & Flails | 3 4 5 6 8 11 13 14 16 | 16.0
Shields        | 1 2 3 4 10 14 15 | 15.0
Armour         | 4 5 8 9 12 | 12.0
Fighting       | 8 12 | 12.0
Invocations    | 1 9 12 | 12.3
Dodging        | 6 |  6.0
Throwing       | 7 10 | 10.4
Spellcasting   | |  1.5
Translocations | |  2.4

Action                   |  1- 3 |  4- 6 |  7- 9 | 10-12 | 13-15 | 16-18 || total
-------------------------+-------+-------+-------+-------+-------+-------++-------
Melee: Mace              |    81 |    52 |    33 |       |       |       ||   166
       Unarmed           |       |    23 |       |       |       |       ||    23
       Flail             |       |       |   384 |   452 |  1475 |       ||  2311
       Great mace        |       |       |       |   138 |   447 |       ||   585
       Morningstar       |       |       |       |       |    68 |   648 ||   716
Throw: Stone             |       |     7 |       |       |       |    17 ||    24
       Javelin           |       |       |     2 |     1 |       |     1 ||     4
Invok: Divine Shield     |       |       |       |     7 |    24 |       ||    31
       Cleansing Flame   |       |       |       |       |     1 |     1 ||     2
       Summon Divine War |       |       |       |       |     1 |       ||     1
Evoke: Wand              |       |       |     1 |    16 |    13 |     1 ||    31
       Lightning rod     |       |       |       |     8 |     9 |     8 ||    25
  Use: Potion            |       |     3 |     1 |     5 |     9 |     3 ||    21
       Scroll            |       |     3 |    10 |     8 |    10 |     2 ||    33
  Eat: Chunk             |       |     2 |    11 |    21 |    22 |     8 ||    64
       Ration            |       |       |     1 |       |     6 |     3 ||    10
Armor: Leather armour    |    48 |    12 |       |       |       |       ||    60
       Skin              |       |    59 |       |    36 |    42 |       ||   137
       Ring mail         |       |    13 |   137 |     3 |       |       ||   153
       Troll leather arm |       |       |       |   113 |   117 |       ||   230
       Crystal plate arm |       |       |       |       |   378 |   310 ||   688
Dodge: Dodged            |    86 |    43 |   199 |   275 |   453 |   113 ||  1169
Block: Buckler           |    21 |    21 |    74 |   116 |       |       ||   232
       Other             |       |       |       |    26 |    98 |       ||   124
       Shield            |       |       |       |       |  1191 |   509 ||  1700
       Reflection        |       |       |       |       |    71 |    14 ||    85

Table legend:
 A = Spawn XP
 B = Non-spawn XP
 C = Spawn XP percentage of total XP
 D = Spawn monster count
 E = Non-spawn monster count
 F = Spawn count percentage of total count
 G = Total turns spent on level
                    A         B        C        D         E        F      G
               +---------+---------+-------+---------+---------+-------+---------
         Total |       0 |  174728 |   0.0 |       0 |     750 |   0.0 | 28844
               +---------+---------+-------+---------+---------+-------+---------
           D:1 |       0 |      21 |   0.0 |       0 |      12 |   0.0 |   541
           D:2 |       0 |     209 |   0.0 |       0 |      16 |   0.0 |   562
           D:3 |       0 |     611 |   0.0 |       0 |      28 |   0.0 |  1352
           D:4 |       0 |     386 |   0.0 |       0 |      14 |   0.0 |   766
           D:5 |       0 |     561 |   0.0 |       0 |      12 |   0.0 |   659
           D:6 |       0 |     859 |   0.0 |       0 |      17 |   0.0 |   892
           D:7 |       0 |     628 |   0.0 |       0 |       8 |   0.0 |   953
           D:8 |       0 |    2737 |   0.0 |       0 |      20 |   0.0 |   778
           D:9 |       0 |    4523 |   0.0 |       0 |      47 |   0.0 |  1282
          D:10 |       0 |    3036 |   0.0 |       0 |      33 |   0.0 |  1323
          D:11 |       0 |    6553 |   0.0 |       0 |      49 |   0.0 |  1091
          D:12 |       0 |    9511 |   0.0 |       0 |      37 |   0.0 |   972
          D:13 |       0 |   14543 |   0.0 |       0 |      39 |   0.0 |  1296
          D:14 |       0 |    8206 |   0.0 |       0 |      36 |   0.0 |   941
          D:15 |       0 |   14124 |   0.0 |       0 |      37 |   0.0 |  1251
        Lair:1 |       0 |    5603 |   0.0 |       0 |      13 |   0.0 |  1353
        Lair:2 |       0 |    2703 |   0.0 |       0 |      13 |   0.0 |  1321
        Lair:3 |       0 |    7207 |   0.0 |       0 |      31 |   0.0 |   671
        Lair:4 |       0 |    9615 |   0.0 |       0 |      32 |   0.0 |  1041
        Lair:5 |       0 |    6856 |   0.0 |       0 |      26 |   0.0 |  1116
        Lair:6 |       0 |   28182 |   0.0 |       0 |      79 |   0.0 |  2700
       Swamp:1 |       0 |   12424 |   0.0 |       0 |      24 |   0.0 |  1226
       Swamp:2 |       0 |   16827 |   0.0 |       0 |      36 |   0.0 |  1232
         Orc:1 |       0 |    4143 |   0.0 |       0 |      18 |   0.0 |  1016
         Orc:2 |       0 |   11491 |   0.0 |       0 |      51 |   0.0 |  1725
         IceCv |       0 |    3169 |   0.0 |       0 |      22 |   0.0 |   649
               +---------+---------+-------+---------+---------+-------+---------
